 Dungeon Sprint DCSS version 0.31-a0-879-g1609e0ac53 (webtiles) character file.

Game seed: 16156658069403753625

10 rocky1 the Ruffian (level 2, -3/22 HPs)
             Began as a Djinni Shapeshifter on Oct 15, 2023.
             Was an Initiate of Gozag.
             Slain by a water moccasin (7 damage)
             ... in the Dungeon (Sprint II: "The Violet Keep of Menkaure").
             The game lasted 00:00:33 (126 turns).

rocky1 the Ruffian (Djinni Shapeshifter)             Turns: 126, Time: 00:00:33

Health: -3/22      AC:  2    Str: 13    XL:     2   Next: 30%
Gold:   243        EV: 12    Int: 11    God:    Gozag SH:  0 Dex: 12

rFire   + +          .
                       - Unarmed
rCold   x . .        (no shield)
rNeg    . . .        a - +0 animal skin
rPois   ∞            (helmet currently unavailable)
rElec   .            (cloak currently unavailable)
rCorr   .            (gloves currently unavailable)
SInv    .            (boots unavailable)
Will    .....        (no amulet)
Stlth   +            (no ring)
HPRegen 0.23/turn    (no ring)
MPRegen 0.00/turn

%: no teleportation, infuse magic (-4 HP)
@: beast-form, flying
A: beast (slay +2), flying, sickness immunity, fire resistance 2, cold
vulnerability 1, float, innate caster, HP casting, extra vitality 1
a: Begin Untransformation, Renounce Religion, Potion Petition, Call Merchant,
Bribe Branch


You were in the Dungeon.
You worshipped Gozag.
Gozag was aware of your devotion.
You were a hulking beast.
You visited 1 branch You collected 243 gold pieces.

Inventory:

Armour
 a - a +0 animal skin (worn)
Talismans
 c - a beast talisman (active)
 d - a flux talisman
Scrolls
 i - a scroll of blinking
Potions
 b - a potion of lignification
 g - a potion of haste
 h - a potion of berserk rage


   Skills:
 + Level 1.0 Fighting
 + Level 2.5 Dodging
 + Level 4.1 Unarmed Combat
 + Level 3.6 Shapeshifting You didn't know any spells. Your spell library was empty.

Dungeon Overview and Level Annotations

Branches:
Dungeon (1/1)

Altars:
Cheibriados
Dithmenos
Elyvilon
Fedhas
Gozag
Hepliaklqana
Makhleb
Nemelex Xobeh
Okawaru
Qazlal
Ru
Trog
Uskayaw
Wu Jian
Xom
Yredelemnul
Zin
The Shining One
Jiyva
Lugonu


Innate Abilities, Weirdness & Mutations

You are a hulking beast.
Your limbs bulge with bestial killing power. (Slay +2)
You are flying.
You are immune to sickness and miasma.
You are immune to poison.
Your flesh is very heat resistant. (rF++)
You are vulnerable to cold. (rC-)
You float through the air rather than walking.
You learn spells naturally, not from books.
Your magical power is your life essence.
You have superior vitality. (+4 MHP)


Message History

Found a cloak, a glowing orb, a scroll labelled UTAIGIUGGE and a sling.
Found three altars.
There is an open door here.
Found ten items.
Found an opulent altar of Gozag and an iron altar of Okawaru.
There is a glowing golden altar of the Shining One here.
Found 11 gold pieces, 3 white potions and a hand axe.
There is a shimmering altar of Xom here.
There is a bloodstained altar of Trog here.
There is a burning altar of Makhleb here.
The lava snake hisses angrily.
There is an opulent altar of Gozag here.
You hover solemnly before the altar of Gozag.
Gozag welcomes you!
Gozag waives the service fee.
There is a sparkling altar of Nemelex Xobeh here.
There is a radiant altar of Vehumet here.
There is a glowing silver altar of Zin here.
A water moccasin comes into view.
There is an open door here.
The water moccasin closely misses you.
You barely miss the water moccasin. The water moccasin closely misses you.
You hit the water moccasin.
The water moccasin is lightly wounded.
The water moccasin bites you.
You barely miss the water moccasin.
The water moccasin is lightly wounded.
The water moccasin bites you. The water moccasin bites you!
You closely miss the water moccasin.
The water moccasin is lightly wounded.
The water moccasin bites you.
* * * LOW HITPOINT WARNING * * *
You punch the water moccasin!
The water moccasin is moderately wounded.
The water moccasin barely misses you.
You feel better. The water moccasin bites you.
* * * LOW HITPOINT WARNING * * *
The water moccasin bites you!
You die...
Your body crumbles into a pile of gold.

.. .#### .### ...# ...#
###..## #..# ![!
#+###.##..# +..# ▓!??$)
##.##...#..# #..# ▓![))$
+.<.†.##'..### ..### ▓[[?)$
##.####.#....###...##▓▓▓▓▓▓
#+# #†##.....hS~~~~~~~~~~~
###§~.....~#'########+
#~~~§~§~..~#._._._..#~
#~~§§§§~~.~#.._._._.#§
#~~§≈≈§§§~~~#._._._._#~
~~~~~≈≈§≈§~§#_._._._.#~
++#~§≈§§§§≈§#._._._..#~
##≈≈≈###§≈#_._._...#~
#≈§#._._....#~


You could see a water moccasin.

Vanquished Creatures
  3 worms (D)
3 creatures vanquished.

Notes
Turn   | Place    | Note
-------+----------+-------------------------------------------
     0 | D        | rocky1 the Djinni Shapeshifter began the quest for the Orb.
     0 | D        | Reached XP level 1. HP: 17/17 MP: 0/0
    22 | D        | Reached XP level 2. HP: 11/22 MP: 0/0
    87 | D        | Reached skill level 4 in Unarmed Combat
    91 | D        | Found a glowing silver altar of Zin.
    92 | D        | Found a glowing golden altar of the Shining One.
    92 | D        | Found a basalt altar of Yredelemnul.
    92 | D        | Found a hide-covered altar of Uskayaw.
    93 | D        | Found a shimmering altar of Xom.
    93 | D        | Found a bloodstained altar of Trog.
    93 | D        | Found a burning altar of Makhleb.
    94 | D        | Found an ornate altar of the Wu Jian Council.
    94 | D        | Found a corrupted altar of Lugonu.
    95 | D        | Found a sacrificial altar of Ru.
    95 | D        | Found a white marble altar of Elyvilon.
    96 | D        | Found a stormy altar of Qazlal.
    96 | D        | Found a viscous altar of Jiyva.
    96 | D        | Found a shadowy altar of Dithmenos.
    97 | D        | Found a hazy altar of Hepliaklqana.
    97 | D        | Found a snail-covered altar of Cheibriados.
    99 | D        | Found a sparkling altar of Nemelex Xobeh.
    99 | D        | Found a blossoming altar of Fedhas.
   100 | D        | Found an opulent altar of Gozag.
   100 | D        | Found an iron altar of Okawaru.
   106 | D        | Noticed a lava snake
   108 | D        | Became a worshipper of Gozag Ym Sagoz the Greedy
   116 | D        | Noticed a water moccasin
   126 | D        | Slain by a water moccasin

Illustrated notes

Levels and vault maps discovered:
D:        the_violet_keep_of_menkaure [sprint2_stairs_cluster_1,
          sprint2_shoproom, sprint2_temple, sprint2_basic_supplies,
          sprint2_obstacle_7, sprint2_obstacle_5, sprint2_obstacle_4,
          sprint2_obstacle_6, sprint2_obstacle_2, sprint2_timed_cluster_1,
          sprint2_smallroom_cluster_1, sprint2_smallroom_final_cluster_1,
          sprint2_transparent_cluster_1, sprint2_second_timed_cluster_1,
          sprint2_sniper_area_1, sprint2_heavy_combat_area_1,
          sprint2_mutation_trap_area_1, sprint2_forest_area_1,
          sprint2_light_combat_area_1, sprint2_behind_water_1,
          sprint2_near_end_vault_1]

Skill      XL: |  1  2 |
---------------+-------+-----
Shapeshifting  | 3 |  3.6
Unarmed Combat | 4 |  4.1
Fighting       | |  1.0
Dodging        | |  2.5

Action                     || total
---------------------------++-------
  Melee: Unarmed           ||    29
         Punch             ||     1
    Use: Potion            ||     2
 Armour: Animal skin       ||    12
  Dodge: Dodged            ||    10

Table legend: (Time is in decaauts)
 A = Elapsed time spent in this place.
 B = Non-inter-level travel time spent in this place.
 C = Inter-level travel time spent in this place.
 D = Time resting spent in this place.
 E = Time spent auto-exploring this place.
 F = Levels seen in this place.
 G = Mean time per level.
                   A        B        C        D        E       F      G
               +--------+--------+--------+--------+--------+-----+--------+
         Total |    123 |    123 |      0 |     48 |      0 |   1 |  123.0 |
       Dungeon |    123 |    123 |      0 |     48 |      0 |   1 |  123.0 |
               +--------+--------+--------+--------+--------+-----+--------+

Top non-repeatable levels by time:
       D: 123 daAuts
